 Dungeon Crawl Stone Soup version 0.28.0 (webtiles) character file.

Game seed: 7475986399651479676

326 issech the Cudgeller (level 6, -2/61 HPs)
             Began as a Troll Monk on Feb 6, 2022.
             Slain by an orc wizard (17 damage)
             ... on level 4 of the Dungeon.
             The game lasted 00:10:57 (2833 turns).

issech the Cudgeller (Troll Monk)                   Turns: 2833, Time: 00:10:58

Health: -2/61      AC:  6    Str: 20    XL:     6   Next: 24%
Magic:  5/5        EV: 11    Int:  6    God:
Gold:   180        SH:  0    Dex: 14    Spells: 5/5 levels left

rFire   + . .      SeeInvis .   d - +2 whip (elec)
rCold   . . .      Faith    .   (no shield)
rNeg    . . .      Spirit   .   w - +2 robe {rF+}
rPois   .          Reflect  .   (helmet restricted)
rElec   .          Harm     .   (no cloak)
rCorr   .          Rampage  .   (gloves unavailable)
Will    .....                   (boots unavailable)
Stlth   +.........              (no amulet)
HPRegen 1.00/turn               (no ring)
MPRegen 0.09/turn               (no ring)

@: confused
A: large, unfitting armour, claws 3, regeneration 1, shaggy fur 1, tough skin 1
a: no special abilities


You were on level 4 of the Dungeon.
You visited 1 branch of the dungeon, and saw 4 of its levels.

You collected 180 gold pieces.

Inventory:

Hand Weapons
 a - a +0 mace
 c - a +0 hunting sling
 d - a +2 whip of electrocution (weapon)
 f - a +1 dagger of holy wrath
 j - a +2 short sword of speed
 u - a +0 glaive
Missiles
 b - 55 bolts
 g - 86 arrows
 h - 98 stones (quivered)
 k - 9 atropa-tipped darts
 m - 30 sling bullets
 s - 5 poisoned darts
Armour
 w - a +2 robe of fire resistance (worn)
Magical Staves
 v - a staff of earth
Scrolls
 e - a scroll of teleportation
 i - a scroll of noise
 n - 3 scrolls of identify
 o - 2 scrolls of amnesia
Potions
 l - 4 potions of heal wounds {unknown}
 p - 4 potions of mutation {unknown}
 q - a potion of brilliance {unknown}
 r - 2 potions of curing {unknown}
 t - a potion of lignification {unknown}


   Skills:
 + Level 3.2 Fighting
 + Level 4.7 Maces & Flails
 + Level 3.6 Dodging
 + Level 1.5 Stealth


You had 5 spell levels left.
You didn't know any spells.
Your spell library was empty.

Dungeon Overview and Level Annotations

Branches:
Dungeon (4/15)
 Temple: D:4-7

Altars:
Nemelex Xobeh
Ru

Shops:
D:1 *

Annotations:
D:4 1 runed translucent door, Jase's ghost, amateur PaFi


Innate Abilities, Weirdness & Mutations

You are too large for most types of armour.
You have claws for hands.
Your natural rate of healing is unusually fast.
You are covered in fur. (AC +1)
You have tough skin. (AC +1)


Message History

You hit the orc. Lightning courses through the orc!
You kill the orc!
You hear some strange, mumbled words.
Something tries to affect you, but you resist.
You see here a +2 hand axe of freezing.
The orc hits you with a +0 hand axe. Something hits you but does no damage.
There is an open door here.
You closely miss the orc. The orc hits you with a +0 hand axe.
Something hits you.
You hit the orc but do no damage. The orc hits you with a +0 hand axe.
You hear some strange, mumbled words.
You are confused.
The orc hits you with a +0 hand axe.
You bump into the rock wall.
The orc barely misses you. Something hits you.
You closely miss the orc. The orc misses you.
Something hits you but does no damage. The orc hits you but does no damage.
You hear some strange, mumbled words.
You are more confused.
You whack the dart slug!
The dart slug is severely wounded.
You hit the dart slug but do no damage.
The dart slug is severely wounded.
The dart slug barely misses you.
You whack something! Something hits you but does no damage.
You are electrocuted!
The orc barely misses you. The dart slug launches a dart at you.
The slug dart misses you.
You bump into the rock wall.
The dart slug launches a dart at you.
The slug dart hits something.
You hear some strange, mumbled words.
A magic dart appears from out of thin air!
The magic dart hits you.
* * * LOW HITPOINT WARNING * * *
The orc hits you with a +0 hand axe.
* * * LOW HITPOINT WARNING * * *
You barely miss the orc. The orc hits you with a +0 hand axe.
* * * LOW HITPOINT WARNING * * *
Something hits you but does no damage.
You are electrocuted!
You die...

#######################.
#..............>......#.
#.....................#>
#.....................#.
#.............##......#.
#......##'######......#.
#......##.....##......'.
#.....................#.
#......@ow............##
#.......{...............
#......####'####......w.
#......#...)...#........
#......#.......#......##
########.......#......##
<...........#......##
............#........
............#........


You could see a dart slug and an orc.

Vanquished Creatures
  A necrophage (D:2)
  Blork the orc (D:4)
  A jelly (D:3)
  A bullfrog skeleton (D:4)
  5 adders
  4 dart slugs (D:1)
  4 orcs (D:4)
  A ball python (D:1)
  9 endoplasms
  2 giant cockroaches (D:3)
  8 hobgoblins
  7 kobolds
  2 quokkas
  4 bats
  4 frilled lizards
  8 goblins
  A rat (D:2)
63 creatures vanquished.

Notes
Turn   | Place    | Note
-------+----------+-------------------------------------------
     0 | D:1      | issech the Troll Monk began the quest for the Orb.
     0 | D:1      | Reached XP level 1. HP: 22/22 MP: 0/0
    91 | D:1      | Reached skill level 3 in Maces & Flails
    94 | D:1      | Reached XP level 2. HP: 29/29 MP: 1/1
   383 | D:1      | Found Zititeu's General Store.
   670 | D:1      | Reached XP level 3. HP: 36/36 MP: 2/2
   821 | D:2      | Noticed a necrophage
   886 | D:2      | Killed a necrophage
   887 | D:2      | Reached skill level 4 in Maces & Flails
   887 | D:2      | Reached XP level 4. HP: 31/45 MP: 3/3
   887 | D:2      | Reached XP level 5. HP: 37/53 MP: 4/4
  1303 | D:2      | Found a faded altar of an unknown god.
  1539 | D:3      | Found a sacrificial altar of Ru.
  1541 | D:3      | Found a sparkling altar of Nemelex Xobeh.
  2305 | D:4      | Noticed Blork the orc
  2317 | D:4      | Killed Blork the orc
  2318 | D:4      | Reached XP level 6. HP: 24/61 MP: 5/5
  2463 | D:4      | Found a runed translucent door.
  2476 | D:4      | Noticed Jase's ghost (amateur PaFi)
  2833 | D:4      | Slain by an orc wizard

Illustrated notes

Levels and vault maps discovered:
D:1:      minmay_arrival_four_houses, layout_basic, serial_shops, shop,
          serial_aquarium, aquarium_bridge_square [aquarium_subvault_bridge,
          aquarium_subvault_bridge, aquarium_subvault_bridge,
          aquarium_subvault_balcony], aquarium_bridge_straight
          [aquarium_subvault_bridge, aquarium_subvault_wall,
          aquarium_subvault_bridge, aquarium_subvault_window],
          aquarium_window_1, aquarium_window_2, aquarium_window_fake,
          aquarium_window_1, aquarium_view_2c, aquarium_view_2d,
          aquarium_balcony_3a, aquarium_pool_2, hangedman_feature_mirror,
          minmay_tripent
D:2:      layout_loops_ring, shapermc_ecumenical_altar_venn
D:3:      layout_loops_ring, jmf_multi_god_temple
D:4:      layout_gridville, ebering_ghost_reflecting_pool, minmay_distorted,
          uniq_blork_the_orc

Skill      XL: |  1  2  3 |
---------------+----------+-----
Maces & Flails | 3 4 |  4.7
Fighting       | 3 |  3.2
Dodging        | 3 |  3.6
Stealth        | |  1.5

Action                   |  1- 3 |  4- 6 || total
-------------------------+-------+-------++-------
Melee: Mace              |     9 |       ||     9
       Whip              |    78 |   113 ||   191
       Punch             |     2 |     1 ||     3
  Use: Scroll            |       |     3 ||     3
 Stab: Sleeping          |     2 |     2 ||     4
Armor: Robe              |    30 |    31 ||    61
Dodge: Dodged            |    45 |    75 ||   120
